 Dungeon Crawl Stone Soup version 0.24-a0-537-g2d01d4ab0a (webtiles) character file.

Game seed: 6465961662870240091

18281 Peloso the Carver (level 12, -9/107 HPs)
             Began as a Minotaur Fighter on Aug 14, 2019.
             Was an Elder of Okawaru.
             Mangled by a salamander
             ... wielding a +0 halberd
              (10 damage)
             ... in a volcano.
             The game lasted 00:33:55 (12664 turns).

Peloso the Carver (Minotaur Fighter)               Turns: 12664, Time: 00:33:56

Health: -9/107     AC: 13    Str: 26    XL:     12   Next: 26%
Magic:  12/12      EV: 15    Int:  5    God:    Okawaru [****..]
Gold:   648        SH: 13    Dex: 15    Spells: 11/11 levels left

rFire    . . .     SeeInvis .   a - +2 scimitar (flame)
rCold    . . .     Gourm    +   c - +0 shield
rNeg     . . .     Faith    .   B - +2 ring mail of Life {MR+ Str+3 Dex-2}
rPois    +         Spirit   .   (helmet restricted)
rElec    .         Reflect  .   O - +1 cloak
rCorr    .         Harm     .   i - +0 pair of gloves
MR       +....                  (no boots)
Stlth    +.........             m - amulet of the gourmand
HPRegen  0.27/turn              D - +4 ring of dexterity
MPRegen  0.13/turn              d - ring of poison resistance

@: no status effects
A: retaliatory headbutt, horns 2
a: Heroism, Renounce Religion


You were in a volcano.
You worshipped Okawaru.
Okawaru was greatly pleased with you.
You were full.

You visited 3 branches of the dungeon, and saw 14 of its levels.
You also visited: Volcano.

You collected 888 gold pieces.
You spent 240 gold pieces at shops.

Inventory:

Hand Weapons
 a - a +2 scimitar of flaming (weapon)
 b - a +3 falchion of freezing
Armour
 c - a +0 shield (worn)
 e - a +0 chain mail
 i - a +0 pair of gloves (worn)
 B - the +2 ring mail of Life (worn) {MR+ Str+3 Dex-2}
   (You took it off a gnoll in the Ecumenical Temple)

   It affects your strength (+3).
   It affects your dexterity (-2).
   It affects your resistance to hostile enchantments.
 M - a +0 plate armour
 O - a +1 cloak (worn)
Jewellery
 d - a ring of poison resistance (right hand)
 g - an uncursed ring of see invisible
 h - an uncursed amulet of regeneration
 k - an uncursed ring of protection from magic
 m - an amulet of the gourmand (around neck)
 D - a +4 ring of dexterity (left hand)
 G - an uncursed ring of positive energy
 Q - an uncursed ring of protection from cold
 T - an uncursed ring of protection from magic
 Y - an uncursed ring of magical power
Wands
 q - a wand of disintegration (5)
 u - a wand of enslavement (8)
 y - a wand of digging (8)
 E - a wand of polymorph (5)
 N - a wand of scattershot (7)
 P - a wand of flame (7)
 R - a wand of iceblast (9)
 X - a wand of paralysis (5)
Scrolls
 o - 7 scrolls of remove curse
 p - 3 scrolls of blinking
 r - 6 scrolls of teleportation
 v - 2 scrolls of enchant weapon
 w - 3 scrolls of enchant armour
 x - 2 scrolls of fear
 z - 3 scrolls of identify
 A - a scroll of fog
 H - 3 scrolls of magic mapping
 I - a scroll of silence
 K - a scroll of noise
 L - 2 scrolls of amnesia
Potions
 j - 2 potions of curing
 l - a potion of flight
 n - a potion of magic
 s - 2 potions of mutation
 t - a potion of brilliance
 C - 2 potions of cancellation
 F - 2 potions of haste
 J - a potion of heal wounds {unknown}
 U - a potion of might
 V - a potion of agility
Comestibles
 f - 22 rations


   Skills:
 + Level 10.3 Fighting
 + Level 13.9 Long Blades
 + Level 10.0 Armour
 + Level 7.3 Dodging
 + Level 1.3 Stealth
 + Level 12.0 Shields
 + Level 0.1 Invocations
 + Level 1.7 Evocations


You had 11 spell levels left.
You didn't know any spells.
Your spell library contained the following spells:

 Spells                   Type           Power        Failure   Level  Hunger
 Infusion                 Chrm           #...         73%         1    ##.....
 Poisonous Vapours        Pois/Air       #.....       86%         2    ###....
 Shroud of Golubria       Chrm/Tloc      #.....       86%         2    ###....
 Song of Slaying          Chrm           #.......     86%         2    ###....
 Conjure Flame            Conj/Fire      #.......     97%         3    ####...
 Mephitic Cloud           Conj/Pois/Air  #.......     97%         3    ####...
 Regeneration             Chrm/Necr      #.........   97%         3    ####...
 Spectral Weapon          Hex/Chrm       #.......     97%         3    ####...
 Freezing Cloud           Conj/Ice/Air   #.........   100%        6    #######
 Ring of Flames           Chrm/Fire      #.........   100%        7    #######


Dungeon Overview and Level Annotations

Branches:
Dungeon (12/15)            Temple (1/1) D:7            Lair (1/6) D:9
    Orc (0/2) D:9

Altars:
Ashenzari
Cheibriados
Dithmenos
Elyvilon
Fedhas
Gozag
Hepliaklqana
Kikubaaqudgha
Makhleb
Nemelex Xobeh
Okawaru
Qazlal
Ru
Sif Muna
Trog
Uskayaw
Vehumet
Wu Jian
Xom
Yredelemnul
Zin
The Shining One


Innate Abilities, Weirdness & Mutations

You reflexively headbutt those who attack you in melee.
You have a pair of horns on your head.


Message History

You kill the salamander mystic!
Okawaru is honoured by your kill.
Your Shields skill increases to level 12!
The salamander hits you.
* * * LOW HITPOINT WARNING * * *
You are engulfed in flames!
* * * LOW HITPOINT WARNING * * *
You block the salamander's attack.
You slash the salamander!
You headbutt the salamander, but do no damage.
The salamander is lightly wounded.
The salamander hits you!
* * * LOW HITPOINT WARNING * * *
You are engulfed in flames!
* * * LOW HITPOINT WARNING * * *
You feel better.
The salamander hits you with a +0 halberd!
* * * LOW HITPOINT WARNING * * *
You are engulfed in flames!
You die...

§§≈§≈≈§≈≈§§§.. ##☼○
≈≈≈≈≈≈≈≈§....## ##§≈≈
≈≈§≈≈≈§≈≈§....# ##≈≈§§
≈≈§≈§≈§≈§...#####
#≈≈.§§
≈≈≈≈≈≈.......#.###∩.§§§
..........###..##....∩#
####.#.### ###.=##...#
##.### # #########
#@#∩#..# ##N):# #).N!.#
#§≈§$[≈§§# ##§§§§§≈##
##§§§§## ###○○# ○## ##


You could see 2 salamanders.

Vanquished Creatures
  Azrael (D:12)
  2 two-headed ogres
  A centaur warrior (D:11)
  A salamander mystic (Volcano)
  A wolf spider zombie (D:10)
  An ugly thing (D:12)
  Maurice (D:8)
  A gargoyle (D:10)
  A komodo dragon (D:12)
  3 trolls
  A merfolk (D:11)
  Grinder (D:3)
  4 slime creatures (D:12)
  6 hippogriffs
  A vampire (D:12)
  4 yaks (D:9)
  A basilisk (D:9)
  A water elemental (D:11)
  3 fire elementals (D:12)
  A hungry ghost (D:11)
  Eustachio (D:4)
  A water moccasin (D:7)
  3 hell hounds (D:12)
  5 porcupines (D:9)
  Purgy (D:4)
  4 ice beasts
  2 black bears
  A sky beast (D:11)
  Duvessa (D:6)
  A necrophage (D:12)
  7 orc warriors
  3 ogres
  3 phantoms
  7 centaurs
  4 crocodiles
  A big kobold (D:11)
  9 bullfrogs
  A gnoll sergeant (D:12)
  Dowan (D:6)
  A scorpion (D:11)
  17 killer bees
  15 wights
  5 electric eels (D:11)
  4 howler monkeys (D:10)
  The ghost of bildradio the Stinger, a weakling DsVM (D:3)
  2 bullfrog zombies
  2 centaur zombies
  4 crimson imps
  10 orc priests
  6 hounds
  3 jellies
  A centaur skeleton (D:3)
  13 orc wizards
  3 bullfrog skeletons
  2 iguanas
  7 worker ants
  A worker ant zombie (D:8)
  A howler monkey zombie (D:5)
  9 gnolls
  8 adders
  8 shadow imps
  An ooze (D:1)
  An adder skeleton (D:8)
  3 worms
  A dart slug (D:1)
  6 leopard geckos
  73 orcs
  9 bats
  2 giant cockroaches
  7 goblins
  6 hobgoblins
  7 jackals
  3 quokkas
  A ball python (D:1)
  A ball python zombie (D:5)
  A frilled lizard (D:1)
  2 goblin skeletons (D:5)
  A hobgoblin zombie (D:5)
  17 kobolds
  An orc skeleton (D:5)
  4 orc zombies (D:5)
  A quokka skeleton (D:7)
  15 rats
378 creatures vanquished.

Vanquished Creatures (others)
  2 orcs
  A bush (D:9)
  3 fungi (D:9)
  14 plants (D:9)
20 creatures vanquished.

Grand Total: 398 creatures vanquished

Notes
Turn   | Place    | Note
-------+----------+-------------------------------------------
     0 | D:1      | Peloso the Minotaur Fighter began the quest for the Orb.
     0 | D:1      | Reached XP level 1. HP: 19/19 MP: 0/0
    31 | D:1      | Reached XP level 2. HP: 27/27 MP: 1/1
   526 | D:1      | Reached XP level 3. HP: 33/33 MP: 2/2
   580 | D:1      | Reached skill level 3 in Long Blades
   821 | D:2      | Found a stormy altar of Qazlal.
  1077 | D:2      | Reached XP level 4. HP: 34/40 MP: 3/3
  1181 | D:2      | Found a radiant altar of Vehumet.
  1728 | D:3      | Reached skill level 1 in Dodging
  1826 | D:3      | Reached XP level 5. HP: 43/47 MP: 4/4
  1862 | D:3      | Found a transporter.
  1863 | D:3      | Found a transporter.
  1863 | D:3      | Noticed bildradio's ghost (weakling DsVM)
  1863 | D:3      | Identified the +6 dire flail "Riaraz" {crush, rF+}
  1863 | D:3      | Noticed an ogre
  1868 | D:3      | Noticed an ogre
  1934 | D:3      | Reached skill level 4 in Long Blades
  2201 | D:3      | Noticed Grinder
  2208 | D:3      | Killed Grinder
  2208 | D:3      | Reached skill level 5 in Armour
  2208 | D:3      | Reached skill level 5 in Shields
  2208 | D:3      | Reached XP level 6. HP: 11/53 MP: 5/5
  2956 | D:3      | Reached skill level 5 in Long Blades
  2982 | D:4      | Found an ancient bone altar of Kikubaaqudgha.
  3299 | D:4      | Noticed Eustachio
  3305 | D:4      | Killed Eustachio
  3305 | D:4      | Reached XP level 7. HP: 56/60 MP: 6/6
  3391 | D:4      | Noticed Purgy
  3404 | D:4      | Killed Purgy
  3612 | D:5      | Entered Level 5 of the Dungeon
  3655 | D:4      | Reached skill level 5 in Fighting
  3655 | D:4      | Reached skill level 6 in Long Blades
  3970 | D:5      | Found a glowing golden altar of the Shining One.
  3973 | D:5      | Reached XP level 8. HP: 57/68 MP: 7/7
  3992 | D:5      | Reached skill level 7 in Long Blades
  4090 | D:5      | You fall into a shaft and drop 2 floors!
  4356 | D:7      | Reached skill level 8 in Long Blades
  4385 | D:7      | Found a staircase to the Ecumenical Temple.
  4394 | Temple   | Entered the Ecumenical Temple
  4581 | D:7      | Identified the +2 ring mail of Life {MR+ Str+3 Dex-2}
  4665 | D:7      | Noticed a hippogriff
  4678 | D:7      | Killed a hippogriff
  4678 | D:7      | Reached XP level 9. HP: 34/75 MP: 8/8
  5090 | D:7      | Found Fumoe's Magic Scroll Shoppe.
  5096 | D:7      | Bought a scroll of fog for 22 gold pieces
  5096 | D:7      | Bought a scroll of fear for 38 gold pieces
  5096 | D:7      | Bought a scroll of magic mapping for 38 gold pieces
  5096 | D:7      | Bought a scroll of identify for 22 gold pieces
  5096 | D:7      | Bought a scroll of magic mapping for 38 gold pieces
  5096 | D:7      | Bought a scroll of silence for 82 gold pieces
  5123 | D:7      | Reached skill level 9 in Long Blades
  5283 | D:6      | Found a hide-covered altar of Uskayaw.
  5562 | D:6      | Noticed Dowan
  5565 | D:6      | Noticed Duvessa
  5569 | D:6      | Killed Duvessa
  5577 | D:6      | Killed Dowan
  6291 | D:8      | Noticed a two-headed ogre
  6344 | D:9      | Found a shattered altar of Ashenzari.
  6357 | D:9      | Reached skill level 10 in Long Blades
  6412 | D:9      | Noticed a two-headed ogre
  6421 | D:9      | Killed a two-headed ogre
  6421 | D:9      | Reached XP level 10. HP: 51/86 MP: 9/9
  6575 | D:9      | Found a staircase to the Orcish Mines.
  6778 | D:9      | Reached skill level 11 in Long Blades
  6982 | D:9      | Found a basalt altar of Yredelemnul.
  7200 | D:9      | Found a staircase to the Lair.
  7720 | D:9      | Reached skill level 12 in Long Blades
  8122 | D:8      | Reached skill level 5 in Dodging
  8125 | D:8      | Reached skill level 10 in Shields
  8224 | D:8      | Killed a two-headed ogre
  8224 | D:8      | Reached skill level 1 in Stealth
  8451 | D:8      | Reached XP level 11. HP: 91/95 MP: 10/10
  8631 | D:8      | Found an opulent altar of Gozag.
  8792 | D:8      | Noticed Maurice
  8798 | D:8      | Killed Maurice
  8864 | D:8      | Found a sparkling altar of Nemelex Xobeh.
  8865 | D:8      | Found an iron altar of Okawaru.
  8883 | D:8      | Became a worshipper of Warmaster Okawaru
  9049 | D:3      | Killed bildradio's ghost
  9230 | D:10     | Entered Level 10 of the Dungeon
  9375 | D:10     | Reached * piety under Okawaru
  9457 | D:10     | HP: 3/97 [wolf spider zombie (15)]
 10351 | D:11     | Noticed a centaur warrior
 10368 | D:11     | Killed a centaur warrior
 10368 | D:11     | Reached ** piety under Okawaru
 10368 | D:11     | Reached skill level 13 in Long Blades
 10844 | D:12     | Reached skill level 1 in Evocations
 11314 | D:12     | Reached *** piety under Okawaru
 11354 | D:12     | Noticed a red ugly thing
 11361 | D:12     | Killed a red ugly thing
 11636 | D:12     | Noticed a lindwurm
 11827 | D:12     | Reached skill level 10 in Fighting
 11855 | D:12     | Reached **** piety under Okawaru
 11855 | D:12     | Received a gift from Okawaru
 11934 | D:12     | Reached XP level 12. HP: 42/106 MP: 12/12
 12273 | D:12     | Noticed Azrael
 12297 | D:12     | Reached skill level 10 in Armour
 12310 | D:12     | Killed Azrael
 12579 | Lair:1   | Entered Level 1 of the Lair of Beasts
 12621 | Lair:1   | Found a dark tunnel.
 12630 | Volcano  | Entered a volcano
 12662 | Volcano  | HP: 5/107 [salamander (10)]
 12664 | Volcano  | HP: 1/107 [salamander/+0 halberd (12)]
 12664 | Volcano  | Mangled by a salamander

Levels and vault maps discovered:
D:1:      elethiomel_arrival_quiet, layout_loops_ring, minmay_pentomino_p2
D:2:      layout_loops_ring, grunt_qazlal_clouds, old_standard_altar
D:3:      layout_basic, gammafunk_ghost_smash, uniq_grinder
D:4:      layout_gridville, overflow_temple_1_default, uniq_eustachio,
          uniq_purgy
D:5:      cheibrodos_iron_armory, layout_basic, nicolae_tso_besieged_by_evil,
          first_ration, cheibrodos_gnoll_hut
D:6:      layout_rooms, overflow_temple_1_default, st_stairs_6, uniq_duvessa
D:7:      layout_rooms, minmay_temple_entry_ruins, serial_shops, shop
D:8:      layout_basic, gammafunk_temple_overflow_pools, basic_altar,
          uniq_maurice
D:9:      layout_irregular_city, kennysheep_little_box,
          ashenzari_conservatory_becter, minmay_lair_entry_grove,
          hiddenorc2_lemuel
D:10:     layout_rooms
D:11:     layout_basic, hangedman_fish_farm
D:12:     layout_basic, st_stairs_5, minmay_variable_closet,
          minmay_lindwurm_lava, uniq_azrael
Temple:   dshaligram_water_room_temple
Lair:1:   layout_loops_ring, enter_volcano_2
Volcano:  volcano_pools

Skill      XL: |  1  2  3  4  5  6  7  8  9 10 11 12 |
---------------+-------------------------------------+-----
Fighting       | 4 5 6 7 8 10 | 10.3
Armour         | 4 5 6 7 8 9 10 | 10.0
Shields        | 4 5 6 8 9 10 11 12 | 12.0
Long Blades    | 3 4 5 6 8 10 12 13 | 13.9
Dodging        | 1 2 3 5 6 7 |  7.3
Stealth        | 1 |  1.3
Evocations     | 1 |  1.7
Invocations    | |  0.1

Action                   |  1- 3 |  4- 6 |  7- 9 | 10-12 || total
-------------------------+-------+-------+-------+-------++-------
Melee: Long sword        |    95 |   112 |   199 |       ||   406
       Headbutt          |     8 |    19 |    79 |   184 ||   290
       Scimitar          |       |       |    90 |   407 ||   497
       Falchion          |       |       |       |   201 ||   201
Invok: Heroism           |       |       |       |     2 ||     2
Evoke: Wand              |       |       |       |    11 ||    11
  Use: Potion            |     1 |     1 |     2 |     2 ||     6
       Scroll            |       |     7 |     5 |    11 ||    23
  Eat: Chunk             |     1 |    16 |     9 |    20 ||    46
Armor: Scale mail        |    42 |    12 |       |       ||    54
       Chain mail        |       |    35 |   111 |       ||   146
       Ring mail         |       |       |    42 |   130 ||   172
Dodge: Dodged            |    33 |    44 |   106 |   203 ||   386
Block: Shield            |    62 |    68 |   189 |   361 ||   680
       Rpst.: Long sword |     7 |     3 |    15 |       ||    25
       Scimitar          |       |       |    10 |    30 ||    40
       Falchion          |       |       |       |    15 ||    15

Table legend:
 A = Non-vault XP
 B = Vault XP
 C = Vault XP percentage of total XP
 D = Non-vault monster count
 E = Vault monster count
 F = Vault count percentage of total count
                 A         B        C        D         E       F
            +---------+---------+-------+---------+---------+-------
      Total |   18563 |    7554 |  28.9 |     301 |      78 |  20.6
            +---------+---------+-------+---------+---------+-------
        D:1 |      58 |       1 |   1.7 |      25 |       1 |   3.8
        D:2 |      67 |       0 |   0.0 |      25 |       0 |   0.0
        D:3 |     201 |     546 |  73.1 |      30 |       4 |  11.8
        D:4 |     214 |     321 |  60.0 |       7 |       2 |  22.2
        D:5 |     399 |     119 |  23.0 |      15 |      12 |  44.4
        D:6 |     476 |     215 |  31.1 |      15 |       3 |  16.7
        D:7 |    1877 |       0 |   0.0 |      27 |       0 |   0.0
        D:8 |    2186 |     480 |  18.0 |      27 |       1 |   3.6
        D:9 |    3075 |    2422 |  44.1 |      34 |      45 |  57.0
       D:10 |    2799 |       0 |   0.0 |      39 |       0 |   0.0
       D:11 |    2250 |     325 |  12.6 |      22 |       1 |   4.3
       D:12 |    4947 |    2354 |  32.2 |      34 |       8 |  19.0
     Temple |      14 |       0 |   0.0 |       1 |       0 |   0.0
    Volcano |       0 |     771 | 100.0 |       0 |       1 | 100.0
            +---------+---------+-------+---------+---------+-------
